Selects Australian Defense Battlegroup
Selects Australian Light Infantry Section
Australian Light Infantry Section
Australian Light Infantry Section
Australian Light Infantry Section
Construct Field Infirmary
Construct Section Command Post
Selects CMP 15cwt Supply Run
Construct Platoon Command Post
Construct Company Command Post
Unlock M3 Grant Medium Tanks
Selects Defensive Tactics
Selects Vehicle Over Repair